 Dungeon Crawl Stone Soup version 0.20.1-1-g8b1a95d (webtiles) character file.

4244 funkygono the Cleaver (level 10, -3/88 HPs)
             Began as a Hill Orc Fighter on Dec 18, 2017.
             Was a Priest of Beogh.
             Slain by a killer bee (6 damage)
             ... on level 8 of the Dungeon on Dec 23, 2017.
             The game lasted 00:39:36 (8102 turns).

funkygono the Cleaver (Hill Orc Fighter)            Turns: 8102, Time: 00:39:36

Health: -3/88      AC:  8    Str: 37    XL:     10   Next: 30%
Magic:  10/10      EV: 11    Int:  8    God:    Beogh [***...]
Gold:   452        SH: 12    Dex: 11    Spells: 9/9 levels left

rFire    + . .     SeeInvis .   a - +3 war axe
rCold    + . .     Gourm    .   c - +0 shield
rNeg     . . .     Faith    .   F - +1 robe of Wocuhir {-Tele Str+7 Slay+5}
rPois    .         Spirit   .   g - +1 helmet
rElec    .         Reflect  .   D - scarf {rC+ rF+}
rCorr    .         Harm     .   (no gloves)
MR       .....     NoTele   +   i - +1 pair of boots
Stlth    ++........             (no amulet)
Regen    0.3/turn               q - +3 ring of strength
MPRegen  0.2/turn               (no ring)

@: mighty, lethally poisoned (-3 -> -6)
A: no striking features
a: Smiting, Renounce Religion


You were on level 8 of the Dungeon.
You worshipped Beogh.
Beogh was most pleased with you.
You were not hungry.

You visited 2 branches of the dungeon, and saw 9 of its levels.

You collected 452 gold pieces.

Inventory:

Hand Weapons
 a - a +3 war axe (weapon)
 C - the +7 great mace of Wum Obbi {flame, +Blink}
   (You found it on level 6 of the Dungeon)

   It has been specially enchanted to burn those struck by it, causing extra
   injury to most foes and up to half again as much damage against particularly
   susceptible opponents.
   It lets you blink.
Armour
 b - a +0 scale mail
 c - a +0 shield (worn)
 g - a +1 helmet (worn)
 i - a +1 pair of boots (worn)
 D - a scarf of resistance (worn)
 F - the +1 robe of Wocuhir (worn) {-Tele Str+7 Slay+5}
   (You found it on level 8 of the Dungeon)

   It affects your strength (+7).
   It affects your accuracy and damage with ranged weapons and melee attacks
   (+5).
   It prevents most forms of teleportation.
Jewellery
 q - a +3 ring of strength (left hand)
Wands
 h - a wand of polymorph (4/24)
Scrolls
 j - a scroll of amnesia
 l - 9 scrolls of remove curse
 m - a scroll of teleportation
 o - a scroll of immolation
 v - a scroll of identify
 y - 3 scrolls of magic mapping
 A - a scroll of blinking
 B - a scroll of fear
Potions
 e - 4 potions of agility {unknown}
 p - a potion of ambrosia {unknown}
 r - 4 potions of curing
 s - 3 potions of lignification
 t - a potion of heal wounds {unknown}
 u - a potion of invisibility {unknown}
 w - a potion of cancellation {unknown}
 x - 2 potions of flight
 z - 2 potions of resistance
Comestibles
 f - 9 bread rations
 k - 7 fruits
 n - 3 meat rations
 E - 5 chunks of flesh
 G - a royal jelly


   Skills:
 + Level 7.7 Fighting
 + Level 12.9 Axes
 + Level 7.3 Armour
 + Level 2.6 Dodging
 + Level 1.6 Stealth
 + Level 6.6 Shields
 + Level 0.6 Invocations


You had 9 spell levels left.
You didn't know any spells.

Dungeon Overview and Level Annotations

Branches:
Dungeon (8/15)             Temple (1/1) D:6
   Lair: D:8-11

Altars:
Ashenzari
Cheibriados
Dithmenos
Elyvilon
Fedhas
Gozag
Hepliaklqana
Kikubaaqudgha
Makhleb
Nemelex Xobeh
Okawaru
Qazlal
Ru
Trog
Uskayaw
Vehumet
Xom
Yredelemnul
Zin
The Shining One


Message History

You see here a killer bee corpse.
A jackal and a killer bee come into view.
* * * LOW HITPOINT WARNING * * *
You feel sick.
The killer bee moves out of view. 2 killer bees come into view.
* * * LOW HITPOINT WARNING * * *
You feel sick.
The queen bee calls on something to defend it!
You hear an angry buzzing noise.
* * * LOW HITPOINT WARNING * * *
You feel sick.
You hear an angry buzzing noise. x2
You hear a bark!
You hear an angry buzzing noise.
* * * LOW HITPOINT WARNING * * *
You feel sick.
The queen bee calls on the killer bee to defend it!
The killer bee goes berserk!
You block the killer bee's attack.
You hear an angry buzzing noise. x2
The killer bee stings you.
You die...

##....### ........###
..........# ........#.##
......##...#### ..............#
#### ......##...##.#
#######......
.#....###.###.#####............
......# #.# #...@yy.y..###....
. . ..# #######.##†# .## . #...
...##># ..y# # #.# ######†##..#
#y....# #.###.# #y# #.. ###


You could see a queen bee and 2 killer bees.

Vanquished Creatures
  The ghost of Ymberto the Thaumaturge, a novice DEFE (D:7)
  A cyclops (D:7)
  A hornet (D:7)
  Prince Ribbit (D:8)
  A shadow (D:8)
  Grum (D:8)
  2 orc warriors
  A black bear (D:6)
  A necrophage (D:7)
  A phantom (D:6)
  2 ogres
  A centaur (D:5)
  4 wolves (D:8)
  4 bullfrogs
  4 scorpions
  2 killer bees (D:8)
  A howler monkey (D:5)
  5 crimson imps
  A centaur zombie (D:7)
  2 hounds
  A jelly (D:6)
  6 orc priests
  A centaur skeleton (D:6)
  8 orc wizards
  9 worker ants
  2 howler monkey skeletons
  7 adders
  5 shadow imps
  3 adder zombies
  3 adder skeletons
  6 leopard geckos
  30 orcs
  7 giant cockroaches
  4 hobgoblins
  7 jackals
  2 quokkas (D:2)
  9 bats
  10 frilled lizards
  3 goblins
  A jackal skeleton (D:4)
  10 kobolds
  2 leopard gecko skeletons
  2 leopard gecko zombies
  A quokka skeleton (D:4)
  10 rats
186 creatures vanquished.

Vanquished Creatures (others)
  An orc wizard (D:5)
1 creature vanquished.

Grand Total: 187 creatures vanquished

Notes
Turn   | Place    | Note
-------+----------+-------------------------------------------
     0 | D:1      | funkygono the Hill Orc Fighter began the quest for the Orb.
     0 | D:1      | Reached XP level 1. HP: 19/19 MP: 1/1
   253 | D:1      | Reached XP level 2. HP: 22/27 MP: 2/2
   536 | D:1      | Reached skill level 3 in Axes
   766 | D:2      | Reached XP level 3. HP: 32/33 MP: 3/3
  1264 | D:2      | Reached skill level 4 in Axes
  1264 | D:2      | Reached XP level 4. HP: 40/40 MP: 4/4
  1662 | D:3      | Found a white marble altar of Elyvilon.
  1685 | D:3      | Became a worshipper of Elyvilon the Healer
  1979 | D:3      | Reached XP level 5. HP: 36/46 MP: 5/5
  2074 | D:3      | Noticed an ogre
  2083 | D:3      | Killed an ogre
  2083 | D:3      | Reached skill level 5 in Axes
  2367 | D:3      | Fell from the grace of Elyvilon
  2367 | D:3      | Became a worshipper of Beogh the Brigand
  2797 | D:4      | Found a snail-covered altar of Cheibriados.
  2993 | D:4      | Reached XP level 6. HP: 44/52 MP: 6/6
  3228 | D:4      | Reached skill level 1 in Dodging
  3634 | D:4      | Found a hazy altar of Hepliaklqana.
  3833 | D:5      | Entered Level 5 of the Dungeon
  3838 | D:5      | Reached skill level 6 in Axes
  3867 | D:5      | Was forgiven by Elyvilon
  3867 | D:5      | Reached XP level 7. HP: 50/60 MP: 7/7
  4042 | D:5      | Reached skill level 5 in Armour
  4054 | D:5      | Reached skill level 5 in Fighting
  4054 | D:5      | Reached skill level 7 in Axes
  4326 | D:5      | Found a shattered altar of Ashenzari.
  4430 | D:5      | Reached * piety under Beogh
  4708 | D:6      | Reached skill level 8 in Axes
  4708 | D:6      | Reached XP level 8. HP: 38/68 MP: 8/8
  4711 | D:6      | Reached skill level 5 in Shields
  5362 | D:6      | Found a staircase to the Ecumenical Temple.
  5378 | Temple   | Entered the Ecumenical Temple
  5774 | D:6      | Reached skill level 9 in Axes
  5815 | D:6      | Reached ** piety under Beogh
  5841 | D:6      | Got an ancient great mace
  5855 | D:6      | Identified the +7 great mace of Wum Obbi {flame, +Blink} (You found it on level 6 of the Dungeon)
  5974 | D:7      | Noticed a hornet
  5985 | D:7      | Killed a hornet
  5985 | D:7      | Reached skill level 10 in Axes
  5985 | D:7      | Reached XP level 9. HP: 63/75 MP: 9/9
  6013 | D:7      | Found a sacrificial altar of Ru.
  6117 | D:7      | Noticed a cyclops
  6132 | D:7      | Killed a cyclops
  6132 | D:7      | Reached skill level 11 in Axes
  6132 | D:7      | Reached skill level 1 in Stealth
  6821 | D:7      | Noticed Ymberto's ghost (novice DEFE)
  6831 | D:7      | Killed Ymberto's ghost
  6831 | D:7      | Reached skill level 12 in Axes
  7498 | D:8      | Reached XP level 10. HP: 50/86 MP: 10/10
  7721 | D:8      | Reached *** piety under Beogh
  7729 | D:8      | Found a white marble altar of Elyvilon.
  7754 | D:8      | Noticed Prince Ribbit
  7761 | D:8      | Killed Prince Ribbit
  7958 | D:8      | Got a dull robe
  7969 | D:8      | Identified the +1 robe of Wocuhir {-Tele Str+7 Slay+5} (You found it on level 8 of the Dungeon)
  7998 | D:8      | Noticed Grum
  8014 | D:8      | Killed Grum
  8098 | D:8      | HP: 4/88 [poisoned by a queen bee]
  8102 | D:8      | Slain by a killer bee

Skill      XL: |  1  2  3  4  5  6  7  8  9 10 |
---------------+-------------------------------+-----
Axes           | 3 4 5 6 8 10 12 | 12.9
Fighting       | 4 5 6 7 |  7.7
Armour         | 4 5 6 7 |  7.3
Shields        | 4 5 6 |  6.6
Dodging        | 1 2 |  2.6
Stealth        | 1 |  1.6
Invocations    | |  0.6

Action                   |  1- 3 |  4- 6 |  7- 9 | 10-12 || total
-------------------------+-------+-------+-------+-------++-------
Melee: War axe           |   159 |   180 |   278 |    53 ||   670
Invok: Convert to Beogh  |       |     1 |       |       ||     1
       Smiting           |       |       |     1 |       ||     1
  Use: Scroll            |     4 |    10 |     5 |       ||    19
       Potion            |       |     1 |     1 |     2 ||     4
 Stab: Paralysed         |       |       |     1 |       ||     1
  Eat: Chunk             |     2 |     3 |     6 |       ||    11
       Meat ration       |       |     1 |       |     1 ||     2
       Royal jelly       |       |       |     3 |       ||     3
Armor: Scale mail        |    92 |    64 |   100 |     4 ||   260
       Robe              |       |       |       |     3 ||     3
Dodge: Dodged            |    52 |    45 |    71 |    23 ||   191
Block: Shield            |    95 |    82 |   117 |    28 ||   322
